 Dungeon Crawl Stone Soup version 0.24.0-123-gd5b16e6ec5 (webtiles) character file.

Game seed: 14564285346467734997, levelgen mode: deterministic

17 Descartes the Magician (level 2, -7/15 HPs)
             Began as a Deep Elf Wizard on Jan 31, 2020.
             Mangled by a worm (10 damage)
             ... on level 2 of the Dungeon.
             The game lasted 00:03:07 (2111 turns).

Descartes the Magician (Deep Elf Wizard)            Turns: 2111, Time: 00:03:08

Health: -7/15      AC:  2    Str:  4    XL:     2   Next: 44%
Magic:  9/9        EV: 13    Int: 22    God:
Gold:   88         SH:  0    Dex: 13    Spells: 9/10 levels left

rFire    . . .     SeeInvis .   (no weapon)
rCold    . . .     Gourm    .   (no shield)
rNeg     . . .     Faith    .   a - +0 robe
rPois    .         Spirit   .   b - +0 hat
rElec    .         Reflect  .   (no cloak)
rCorr    .         Harm     .   (no gloves)
MR       .....                  (no boots)
Stlth    ++........             (no amulet)
HPRegen  0.05/turn              (no ring)
MPRegen  0.11/turn              (no ring)

@: no status effects
A: no striking features
a: no special abilities


You were on level 2 of the Dungeon.
You were not hungry.

You visited 1 branch of the dungeon, and saw 2 of its levels.

You collected 88 gold pieces.

Inventory:

Missiles
 e - 19 arrows
 i - 18 stones (quivered)
 p - 15 bolts
Armour
 a - a +0 robe (worn)
 b - a +0 hat (worn)
Scrolls
 h - a scroll of random uselessness {unknown}
 k - a scroll of identify {unknown}
 m - 2 scrolls of teleportation {unknown}
 n - a scroll of amnesia {unknown}
Potions
 c - a potion of heal wounds {unknown}
 f - a potion of brilliance {unknown}
 g - a potion of flight {unknown}
 l - a potion of curing {unknown}
 o - a potion of lignification {unknown}
Comestibles
 d - 3 rations


   Skills:
 + Level 2.6 Dodging
 * Level 3.0 Stealth
 * Level 4.7 Spellcasting
 * Level 1.6 Conjurations
   Level 1.1 Summonings
   Level 1.1 Translocations


You had 9 spell levels left.
You knew the following spells:

 Your Spells              Type           Power        Failure   Level  Hunger
a - Magic Dart            Conj           ##..         5%          1    None

Your spell library contained the following spells:

 Spells                   Type           Power        Failure   Level  Hunger
 Blink                    Tloc           N/A          10%         2    None
 Call Imp                 Summ           ##......     10%         2    None
 Slow                     Hex            #.......     16%         2    None
 Conjure Flame            Conj/Fire      #.......     22%         3    ##.....
 Mephitic Cloud           Conj/Pois/Air  #.......     26%         3    ##.....


Dungeon Overview and Level Annotations

Branches:
Dungeon (2/15)

Altars:


Message History

Aiming: Magic Dart (safe; 5% risk of failure)
Press: ? - help, Shift-Dir - straight line, f/p - kobold
Aim: a kobold (heavily wounded)
The magic dart hits the kobold.
You kill the kobold!
A worm is nearby!
There is a stone staircase leading up here.
You climb upwards.
There is a stone staircase leading down here.
You start resting.
Your magical contamination has completely faded away.
You start resting.
Magic restored.
You climb downwards.
The worm bites you!
Ouch! That really hurt!
* * * LOW HITPOINT WARNING * * *
There is a stone staircase leading up, spattered with blood here.
The worm bites you!
Ouch! That really hurt!
You die...

......##.###.......#.#......
>.....##.........###.#......
............##....#
###.........#....####
#.................#
##....<....#.......#
#..........#.!.....#
............#.......#
#..........@w....).....
..####.#...##.......### ..
#.#.####.......# ....#
#.......# ...(.. ..........
....#.# #......... ..###.
####..##. .. #.#


You could see a worm.

Vanquished Creatures
  2 leopard geckos (D:1)
  A giant cockroach (D:1)
  2 goblins (D:1)
  A hobgoblin (D:2)
  6 kobolds
  A bat (D:2)
  A frilled lizard (D:1)
14 creatures vanquished.

Notes
Turn   | Place    | Note
-------+----------+-------------------------------------------
     0 | D:1      | Descartes the Deep Elf Wizard began the quest for the Orb.
     0 | D:1      | Reached XP level 1. HP: 10/10 MP: 7/7
   719 | D:1      | Reached XP level 2. HP: 15/15 MP: 4/9
  2111 | D:2      | Mangled by a worm

Levels and vault maps discovered:
D:1:      lightli_arrival_statuegarden, layout_basic
D:2:      layout_rooms, minmay_cut_off

Skill      XL: |  1  2 |
---------------+-------+-----
Stealth        | 3 |  3.0
Dodging        | |  2.6
Spellcasting   | |  4.7
Conjurations   | |  1.6
Summonings     | |  1.1
Translocations | |  1.1

Action                   || total
-------------------------++-------
 Cast: Magic Dart        ||    76
  Eat: Ration            ||     1
       Chunk             ||     1
Dodge: Dodged            ||    14
